 Dungeon Crawl Stone Soup version 0.30-a0-867-g305f33218d (webtiles) character file.

Game seed: 1759182228010761011

16911 Anamonty the Transmogrifier (level 12, -1/82 HPs)
             Began as an Octopode Venom Mage on Mar 10, 2023.
             Was an Elder of Qazlal.
             Slain by a black mamba (2 damage)
             ... while petrified by a basilisk
             ... on level 2 of the Lair of Beasts.
             The game lasted 00:22:06 (12910 turns).

Anamonty the Transmogrifier (Octopode Venom Mage)  Turns: 12910, Time: 00:22:07

Health: -1/82      AC:  1    Str: 18    XL:     12   Next: 42%
Magic:  19/23      EV:  2    Int: 21    God:    Qazlal [****..]
Gold:   1339       SH:  0    Dex: 14    Spells: 16/26 levels left

rFire   . . .      SeeInvis +    n - +6 demon blade of Dismemberment {elec, rC+ rN++ Will- Dex+2}
rCold   + . .      Faith    .    (no shield)
rNeg    + + +      Spirit   .    (helmet restricted)
rPois   ∞          Reflect  .    r - amulet of regeneration
rElec   .          Rampage  .    q - ring "Kuem" {rPois Str+6 Int+3}
rCorr   .                        F - ring of see invisible
Will    .....                    u - +5 ring of evasion
Stlth   ++                       (no ring)
HPRegen 1.13/turn                (no ring)
MPRegen 0.18/turn                (no ring)
                                 (no ring)
                                 (no ring)

@: petrified, studying Long Blades, repel missiles
A: almost no armour, amphibious, 8 rings, camouflage 1, gelatinous body 1,
(nimble swimmer 1), tentacles
a: Renounce Religion, Upheaval, Elemental Force


You were on level 2 of the Lair of Beasts.
You worshipped Qazlal.
Qazlal was greatly pleased with you.
You visited 3 branches of the dungeon, and saw 15 of its levels.
You also visited: Sewer.

You collected 1339 gold pieces.

Inventory:

Hand Weapons
 f - a +4 short sword
 n - the +6 demon blade of Dismemberment (weapon) {elec, rC+ rN++ Will- Dex+2}
   (You acquired it on level 3 of the Dungeon)

   Dex:       It affects your dexterity (+2).
   rC:        It protects you from cold.
   rN:        It greatly protects you from negative energy.
   Will:      It decreases your willpower.
Missiles
 G - a throwing net
Jewellery
 q - the ring "Kuem" (left tentacle) {rPois Str+6 Int+3}
   (You acquired it on level 3 of the Dungeon)

   [ring of strength]

   Str:       It affects your strength (+6).
   Int:       It affects your intelligence (+3).
   rPois:     It protects you from poison.
 r - an amulet of regeneration (around mantle)
 u - a +5 ring of evasion (on tentacle)
 F - a ring of see invisible (right tentacle)
 H - a ring of ice
 O - a ring of wizardry
Wands
 t - a wand of charming (8)
 w - a wand of flame (42)
 y - a wand of iceblast (2) (quivered)
 z - a wand of polymorph (11)
Scrolls
 d - 2 scrolls of immolation
 g - 4 scrolls of blinking
 h - 4 scrolls of brand weapon
 i - 3 scrolls of enchant weapon
 j - 2 scrolls of enchant armour
 k - 2 scrolls of fog
 o - a scroll of poison {unknown}
 x - a scroll of magic mapping
 A - a scroll of amnesia {unknown}
 C - a scroll of vulnerability {unknown}
 D - a scroll of summoning {unknown}
 I - 2 scrolls of torment {unknown}
 K - 3 scrolls of teleportation {unknown}
 P - a scroll of fear {unknown}
 Q - a scroll of silence {unknown}
Potions
 a - 2 potions of magic
 b - 2 potions of brilliance {unknown}
 c - 2 potions of degeneration {unknown}
 e - 2 potions of haste
 l - 6 potions of curing
 m - 3 potions of cancellation {unknown}
 p - 2 potions of mutation {unknown}
 s - 2 potions of attraction {unknown}
 v - 7 potions of flight {unknown}
 B - 2 potions of resistance {unknown}
 E - a potion of invisibility {unknown}
 J - a potion of might {unknown}
 L - 2 potions of heal wounds {unknown}
 N - 3 potions of lignification {unknown}
Miscellaneous
 M - a condenser vane


   Skills:
 + Level 7.9 Fighting
 + Level 8.7 Dodging
 - Level 4.0 Stealth
 + Level 7.0 Unarmed Combat
 + Level 7.9 Spellcasting
 * Level 8.9 Transmutations
 - Level 4.0 Air Magic
 + Level 4.0 Earth Magic
 - Level 8.0 Poison Magic


You had 16 spell levels left.
You knew the following spells:

 Your Spells              Type           Power      Damage    Failure   Level
a - Sting                 Tmut/Pois      100%       1d8       1%          1
b - Poisonous Vapours     Pois/Air       66%        N/A       1%          2
c - Olgreb's Toxic Radia  Pois           41%        N/A       3%          4
d - Mephitic Cloud        Conj/Pois/Air  25%        N/A       4%          3

Your spell library contained the following spells:

 Spells                   Type           Power      Damage    Failure   Level
 Sandblast                Erth           50%        2d12      1%          1
 Passwall                 Tmut/Erth      29%        N/A       1%          2
 Alistair's Intoxication  Tmut/Pois      28%        N/A       7%          5
 Apportation              Tloc           16%        N/A       9%          1
 Kiss of Death            Conj/Necr      32%        2d7       9%          1
 Stone Arrow              Conj/Erth      32%        3d9       11%         3
 Blink                    Tloc           16%        N/A       12%         2
 Confusing Touch          Hex            8%         N/A       24%         3
 Ozocubu's Armour         Ice            8%         N/A       24%         3
 Leda's Liquefaction      Hex/Erth       8%         N/A       34%         4
 Lee's Rapid Deconstruct  Erth           12%        3d9*      38%         5
 Dispel Undead            Necr           8%         3d8       63%         4
 Manifold Assault         Tloc           8%         N/A       63%         4
 Statue Form              Tmut/Erth      23%        N/A       63%         6
 Iskenderun's Battlesphe  Conj           8%         2d6       92%         5
 Summon Forest            Summ/Tloc      4%         N/A       92%         5
 Summon Mana Viper        Hex/Summ       8%         N/A       92%         5
 Iron Shot                Conj/Erth      8%         9d3       99%         6
 Storm Form               Tmut/Air       17%        N/A       99%         7
 Summon Cactus Giant      Summ           4%         N/A       100%        6
 Ozocubu's Refrigeration  Ice            4%         4d8       100%        7
 Spellforged Servitor     Conj/Summ      4%         N/A       100%        7


Dungeon Overview and Level Annotations

Branches:
Dungeon (12/15)            Temple (1/1) D:5            Lair (2/5) D:9
  Sewer (visited)
  Swamp: Lair:2-3    Shoals: Lair:2-3     Snake: Lair:2-3    Spider: Lair:2-3
    Orc: D:9-12

Altars:
Ashenzari
Cheibriados
Dithmenos
Elyvilon
Gozag
Hepliaklqana
Kikubaaqudgha
Makhleb
Nemelex Xobeh
Okawaru
Qazlal
Ru
Sif Muna
Trog
Uskayaw
Vehumet
Wu Jian
Yredelemnul
Zin
The Shining One

Shops:
D:1 [*   D:2 [   D:3 [   D:7 [

Annotations:
D:3 1 runed translucent door, Crazy Yiuf


Innate Abilities, Weirdness & Mutations

You cannot wear most types of armour.
You are amphibious.
You can wear up to eight rings at the same time.
Your skin changes colour to match your surroundings (Stealth+).
Your rubbery body absorbs attacks. (AC +1, EV +1)
((You are camouflaged when in or above water. (Stealth+)))
You have tentacles for arms and can constrict up to eight enemies at once.


Message History

The komodo dragon looks even sicker.
The basilisk looks even sicker.
The komodo dragon looks even sicker.
The komodo dragon bites you! The basilisk gazes at you.
You are slowing down.
You hit the komodo dragon but do no damage.
You squeeze the komodo dragon!
The komodo dragon is moderately wounded.
The basilisk looks even sicker.
The komodo dragon looks as sick as possible!
Your toxic aura wanes.
The black mamba completely misses you. The komodo dragon closely misses you.
The black mamba bites you. The komodo dragon bites you!!
The basilisk gazes at you.
You struggle to resist.
Your limbs are stiffening.
Unknown command.
The black mamba bites you. The black mamba barely misses you.
The komodo dragon is engulfed in blazing flames.
The komodo dragon misses you. The black mamba bites you!
The komodo dragon is engulfed in blazing flames.
The komodo dragon barely misses you. The cane toad stings you.
You have turned to stone.
You stop ascending the stairs.
The black mamba bites you!! The black mamba bites you.
The cane toad stings you.
The komodo dragon is engulfed in blazing flames.
You kill the komodo dragon!
Qazlal accepts your kill. The black mamba barely misses you.
The cane toad stings you.
* * * LOW HITPOINT WARNING * * *
The black mamba bites you!
* * * LOW HITPOINT WARNING * * *
The black mamba bites you!
* * * LOW HITPOINT WARNING * * *
The cane toad stings you.
* * * LOW HITPOINT WARNING * * *
The black mamba bites you.
* * * LOW HITPOINT WARNING * * *
The cane toad stings you!!
* * * LOW HITPOINT WARNING * * *
The black mamba bites you.
You die...

...........
####..........
##.............
...............
.............
#..§☼.......
####.#.FSl......
........@○○.....
......☼..†○.....
..[..........?..
...............$
................
................
................
................


You could see a black mamba, a cane toad and a basilisk (very poisoned).

Vanquished Creatures
  A catoblepas (Lair:1)
  3 two-headed ogres
  A boulder beetle (D:11)
  2 ugly things
  A cyclops (D:11)
  7 cane toads
  3 komodo dragons
  2 kobold demonologists (D:11)
  Prince Ribbit (D:5)
  4 hornets
  4 dream sheep (D:7)
  Sigmund (D:5)
  A shadow (D:11)
  7 yaks
  A wraith (D:11)
  2 wyverns (D:9)
  2 basilisks (D:9)
  Grum (D:8)
  A steam dragon (D:9)
  5 vampire mosquitoes
  Menkaure (D:7)
  Edmund (D:5)
  2 acid dragons
  2 water moccasins (D:9)
  3 ice beasts
  5 black bears
  3 sky beasts
  An ogre (D:6)
  4 wolves (D:8)
  4 centaurs
  A kobold brigand (D:7)
  8 bullfrogs
  A scorpion (D:5)
  18 killer bees
  An electric eel (D:11)
  4 hounds
  4 orc priests
  3 gnoll boudas
  Terence (D:2)
  A sleepcap (D:8)
  Jessica (D:2)
  5 iguanas
  8 orc wizards
  14 gnolls
  5 adders
  3 shadow imps
  4 white imps
  2 worms
  6 dart slugs
  26 orcs
  14 ball pythons
  16 endoplasms
  12 giant cockroaches
  9 goblins
  11 hobgoblins
  10 jackals
  18 kobolds
  7 quokkas
  2 bats
  13 frilled lizards
  4 rats
308 creatures vanquished.

Vanquished Creatures (others)
  An electric eel (D:11)
  A fungus (Lair:2)
  4 plants
6 creatures vanquished.

Grand Total: 314 creatures vanquished

Notes
Turn   | Place    | Note
-------+----------+-------------------------------------------
     0 | D:1      | Anamonty the Octopode Venom Mage began the quest for the
                  | Orb.
     0 | D:1      | Reached XP level 1. HP: 11/11 MP: 3/3
    92 | D:1      | Reached XP level 2. HP: 14/17 MP: 3/5
   100 | D:1      | Learned a level 2 spell: Poisonous Vapours
   236 | D:1      | Found Keig Moism's Antique Armour Shop.
   320 | D:1      | Found Egrafful's Assorted Antiques.
   565 | D:1      | Reached XP level 3. HP: 19/21 MP: 3/6
  1017 | D:2      | Found a sacrificial altar of Ru.
  1230 | D:2      | Reached XP level 4. HP: 23/27 MP: 1/7
  1428 | D:2      | Noticed Jessica
  1436 | D:2      | Killed Jessica
  1517 | D:2      | Noticed Terence
  1525 | D:2      | Killed Terence
  1526 | D:2      | Reached skill level 5 in Poison Magic
  1526 | D:2      | Reached XP level 5. HP: 21/31 MP: 2/9
  1651 | D:2      | Found Qookluni's Armour Boutique.
  1900 | D:3      | Learned a level 4 spell: Olgreb's Toxic Radiance
  1925 | D:3      | Found a faded altar of an unknown god.
  1985 | D:3      | Found Ezxeym's Armour Boutique.
  2521 | D:3      | Identified 3 scrolls of acquirement
  2521 | D:3      | Acquired the ring "Kuem" {rPois Str+6 Int+3}
  2524 | D:3      | Acquired 593 gold pieces
  2527 | D:3      | Acquired the +6 demon blade of Dismemberment {elec, rC+
                  | rN++ Will- Dex+2}
  2748 | D:3      | Found a runed translucent door.
  2750 | D:3      | Noticed Crazy Yiuf
  3102 | D:4      | Reached XP level 6. HP: 36/36 MP: 1/10
  3126 | D:4      | Found a glowing drain.
  3215 | Sewer    | Entered a sewer
  3431 | Sewer    | Reached skill level 1 in Fighting
  3432 | Sewer    | Reached XP level 7. HP: 39/43 MP: 2/12
  3654 | D:4      | Found an ancient bone altar of Kikubaaqudgha.
  3827 | D:4      | Learned a level 3 spell: Mephitic Cloud
  4091 | D:4      | Found a broken altar of Ashenzari.
  4221 | D:4      | Found a radiant altar of Vehumet.
  4496 | D:5      | Entered Level 5 of the Dungeon
  4604 | D:5      | Noticed Sigmund
  4611 | D:5      | Killed Sigmund
  4697 | D:5      | Found a staircase to the Ecumenical Temple.
  4698 | D:5      | Noticed Edmund
  4706 | D:5      | Killed Edmund
  4707 | D:5      | Reached XP level 8. HP: 41/51 MP: 5/14
  4710 | Temple   | Entered the Ecumenical Temple
  4779 | Temple   | Became a worshipper of Qazlal Stormbringer
  4823 | D:5      | Noticed Prince Ribbit
  4835 | D:5      | Killed Prince Ribbit
  5702 | D:6      | Noticed a hornet
  5707 | D:6      | Reached skill level 5 in Dodging
  5707 | D:6      | Reached skill level 1 in Unarmed Combat
  5708 | D:6      | Killed a hornet
  5709 | D:6      | Reached XP level 9. HP: 51/58 MP: 3/16
  5864 | D:6      | Reached skill level 5 in Spellcasting
  6021 | D:6      | Found a burning altar of Makhleb.
  6027 | D:6      | Reached * piety under Qazlal
  6491 | D:6      | Found a hide-covered altar of Uskayaw.
  6497 | D:6      | Found a basalt altar of Yredelemnul.
  6500 | D:6      | Found a shadowy altar of Dithmenos.
  6822 | D:7      | Noticed Menkaure
  6830 | D:7      | Killed Menkaure
  7059 | D:7      | Reached skill level 5 in Transmutations
  7074 | D:7      | Noticed a hornet
  7085 | D:7      | Killed a hornet
  7086 | D:7      | Reached skill level 5 in Fighting
  7269 | D:7      | Reached XP level 10. HP: 62/66 MP: 12/18
  7338 | D:7      | Found Orheph's Armour Shop.
  7420 | D:7      | Reached skill level 1 in Air Magic
  7732 | D:8      | Reached ** piety under Qazlal
  7734 | D:8      | Found a snail-covered altar of Cheibriados.
  7914 | D:8      | Found an opulent altar of Gozag.
  7967 | D:8      | Found an ornate altar of the Wu Jian Council.
  7980 | D:8      | Noticed Grum
  7987 | D:8      | Killed Grum
  8146 | D:8      | Found an iron altar of Okawaru.
  8265 | D:8      | Noticed a two-headed ogre
  8289 | D:8      | Killed a two-headed ogre
  8290 | D:8      | Reached skill level 5 in Unarmed Combat
  8616 | D:9      | Found a staircase to the Lair.
  8621 | D:9      | Reached XP level 11. HP: 73/73 MP: 13/21
  9130 | D:9      | Reached *** piety under Qazlal
  9149 | D:9      | Noticed a green ugly thing
  9170 | D:9      | Killed a green ugly thing
  9171 | D:9      | Reached skill level 1 in Earth Magic
  9335 | D:10     | Entered Level 10 of the Dungeon
  9348 | D:10     | You fall into a shaft and drop 1 floor!
  9570 | D:10     | Noticed a two-headed ogre
  9590 | D:10     | Killed a two-headed ogre
  9748 | D:10     | Found a sacrificial altar of Ru.
 10181 | D:10     | Noticed a two-headed ogre
 10196 | D:10     | Killed a two-headed ogre
 10847 | D:11     | Noticed a cyclops
 10883 | D:11     | Killed a cyclops
 11039 | D:11     | Noticed a cyan ugly thing
 11046 | D:11     | Killed a cyan ugly thing
 11453 | D:11     | Noticed a boulder beetle
 11465 | D:11     | Killed a boulder beetle
 11610 | D:12     | Noticed a skeletal warrior
 11610 | D:12     | Noticed a skeletal warrior
 11736 | Lair:1   | Entered Level 1 of the Lair of Beasts
 11741 | Lair:1   | Reached XP level 12. HP: 81/81 MP: 23/23
 11984 | Lair:1   | Identified the +7 war axe of Voegiaq {freeze, Dex+5}
 12458 | Lair:1   | Noticed a catoblepas
 12472 | Lair:1   | Killed a catoblepas
 12801 | Lair:1   | Reached **** piety under Qazlal
 12910 | Lair:2   | HP: 1/82 [cane toad (12)]
 12910 | Lair:2   | Slain by a black mamba

Illustrated notes

Levels and vault maps discovered:
D:1:      roderic_crossed_star, layout_loops_ring, serial_shops,
          nicolae_square_shop, nicolae_shop_trees, minmay_misc_feat_five,
          minmay_misc_feat_square
D:2:      layout_basic, basic_altar, serial_shops, nicolae_shop_hallway_stairs,
          uniq_jessica, uniq_terence
D:3:      layout_basic, basic_ecumenical_altar, serial_shops, shop,
          kennysheep_pointless_box, uniq_crazy_yiuf_cottage
D:4:      layout_layer_cave, lemuel_tele_altar, nicolae_vehumet_radiance,
          amcnicky_altar_gilded, portal_sewer_entry_f, serial_bayou,
          serial_bayou_pond_b, serial_bayou_pond_b, serial_bayou_pond_a,
          serial_bayou_lake_a, grunt_decor_cap
D:5:      layout_basic, minmay_temple_entry_sparse_star, uniq_prince_ribbit1,
          uniq_edmund, uniq_sigmund
D:6:      layout_cave_pods, minmay_overflow_temple_star_quad,
          old_standard_altar, minmay_manual_moon
D:7:      layout_gridville, serial_shops, kennysheep_little_box,
          dreamdust_gnoll_shepherd, uniq_menkaure
D:8:      layout_cave_pools, kennysheep_slug_shrine, okawaru_metal_pillars_1_2,
          nicolae_overflow_squiral, uniq_grum
D:9:      layout_roguey, david_lair_generic, small_chamber_with_monster
D:10:     layout_gridville, marbit_many_paths
D:11:     layout_stronghold, kennysheep_generic_room_4
D:12:     layout_basic, erik_orc_1, serial_glass, glass_columns_c,
          glass_columns_b, glass_columns_a, glass_columns_c, glass_columns_b,
          glass_columns_a, gammafunk_ghost_berserking_beasts, uniq_fannar,
          uniq_lodul
Temple:   nicolae_temple_two_arcs
Lair:1:   layout_gridlike
Lair:2:   layout_long_grid, special_room [special_room_bee], grunt_megastairs_3

Skill      XL: |  1  2  3  4  5  6  7  8  9 10 11 12 |
---------------+-------------------------------------+-----
Stealth        | 3 4 |  4.0
Poison Magic   | 4 5 6 7 8 |  8.0
Dodging        | 3 4 5 6 7 8 |  8.7
Spellcasting   | 3 4 5 6 7 |  7.9
Fighting       | 1 2 3 5 6 7 |  7.9
Transmutations | 2 4 5 6 8 |  8.9
Unarmed Combat | 1 3 5 6 7 |  7.0
Air Magic      | 3 4 |  4.0
Earth Magic    | 3 4 |  4.0

Action                     |  1- 3 |  4- 6 |  7- 9 | 10-12 || total
---------------------------+-------+-------+-------+-------++-------
  Melee: Unarmed           |    22 |       |       |       ||    22
         Tentacles         |    11 |    16 |    19 |    51 ||    97
         Constrict         |     9 |    19 |    15 |    35 ||    78
         Short sword       |     7 |    38 |       |       ||    45
         Punch             |     1 |       |     1 |     6 ||     8
         Demon blade       |       |    52 |    92 |   202 ||   346
   Cast: Sting             |    30 |     7 |     7 |     7 ||    51
         Poisonous Vapours |     7 |     6 |       |       ||    13
         Olgreb's Toxic Ra |       |     6 |    30 |    46 ||    82
         Mephitic Cloud    |       |       |     5 |    22 ||    27
  Evoke: Wand              |       |       |     1 |     2 ||     3
    Use: Scroll            |       |    10 |     2 |     2 ||    14
   Stab: Sleeping          |     2 |    24 |     2 |       ||    28
         Confused          |       |       |     1 |     8 ||     9
 Armour: Skin              |     2 |     4 |     5 |     5 ||    16
  Dodge: Dodged            |    15 |    62 |    71 |   240 ||   388
  Block: Other             |       |       |     1 |    41 ||    42

Table legend: (Time is in decaauts)
 A = Elapsed time spent in this place.
 B = Non-inter-level travel time spent in this place.
 C = Inter-level travel time spent in this place.
 D = Time resting spent in this place.
 E = Time spent auto-exploring this place.
 F = Levels seen in this place.
 G = Mean time per level.
                   A        B        C        D        E       F      G
               +--------+--------+--------+--------+--------+-----+--------+
         Total |  13024 |  12540 |    484 |      0 |  10542 |  16 |  814.0 |
       Dungeon |  11356 |  10923 |    433 |      0 |   9207 |  12 |  946.3 |
        Temple |    103 |     92 |     11 |      0 |     82 |   1 |  103.0 |
          Lair |   1135 |   1095 |     40 |      0 |    963 |   2 |  567.5 |
         Sewer |    429 |    429 |      0 |      0 |    290 |   1 |  429.0 |
               +--------+--------+--------+--------+--------+-----+--------+

Top non-repeatable levels by time:
    D:11: 1233 daAuts
     D:6: 1179 daAuts
     D:7: 1162 daAuts
    D:10: 1151 daAuts
  Lair:1: 1113 daAuts
     D:3: 1106 daAuts
     D:4: 1084 daAuts
     D:1: 1048 daAuts
     D:9: 925 daAuts
     D:2: 846 daAuts
     D:8: 803 daAuts
     D:5: 793 daAuts
   Sewer: 429 daAuts
  Temple: 103 daAuts
  Lair:2: 21 daAuts
